 Dungeon Crawl Stone Soup version 0.28-a0-1387-g3a22ab9bdc (webtiles) character file.

Game seed: 9865223813539124882

219 Deminshera the Bolt Thrower (level 5, -8/49 HPs)
             Began as a Naga Hunter on Jan 2, 2022.
             Was an Initiate of Hepliaklqana.
             Mangled by a gnoll (10 damage)
             ... on level 4 of the Dungeon.
             The game lasted 00:07:14 (5232 turns).

Deminshera the Bolt Thrower (Naga Hunter)           Turns: 5232, Time: 00:07:15

Health: -8/49      AC:  5    Str: 16    XL:     5   Next: 96%
Magic:  5/5        EV:  9    Int: 12    God:    Hepliaklqana [......]
Gold:   75         SH:  0    Dex: 11    Spells: 4/4 levels left

rFire   . . .      SeeInvis +   a - +1 hand crossbow
rCold   . . .      Faith    .   (no shield)
rNeg    . . .      Spirit   .   m - +0 ring mail
rPois   +          Reflect  .   (no helmet)
rElec   .          Harm     .   r - +0 cloak
rCorr   .          Rampage  .   (no gloves)
Will    .....                   (no barding)
Stlth   +.........              (no amulet)
HPRegen 0.16/turn               (no ring)
MPRegen 0.09/turn               (no ring)

@: lit by a corona, hasted, glowing, quick
A: AC +1, large, see invisible, deformed body, poison resistance, slowness 2,
spit poison 1, naga tail 1
a: Spit Poison, Renounce Religion


You were on level 4 of the Dungeon.
You worshipped Hepliaklqana.
Hepliaklqana was noncommittal.
You visited 1 branch of the dungeon, and saw 4 of its levels.

You collected 75 gold pieces.

Inventory:

Hand Weapons
 a - a +1 hand crossbow (weapon)
 b - a +0 short sword
Missiles
 d - 39 bolts (quivered ammo)
Armour
 m - a +0 ring mail (worn)
 r - a +0 cloak (worn)
Wands
 c - a wand of iceblast (6)
Scrolls
 e - 2 scrolls of noise
 g - 4 scrolls of identify
 i - a scroll of fear {unknown}
 j - a scroll of summoning {unknown}
 k - a scroll of enchant armour {unknown}
 l - a scroll of amnesia {unknown}
 q - a scroll of fog {unknown}
Potions
 f - 2 potions of might
 o - a potion of attraction


   Skills:
 + Level 3.6 Fighting
 + Level 4.6 Crossbows
 - Level 3.0 Dodging
 - Level 3.0 Stealth


You had 4 spell levels left.
You didn't know any spells.
Your spell library contained the following spells:

 Spells                   Type           Power      Damage    Failure   Level
 Animate Skeleton         Necr           0%         N/A       54%         1
 Pain                     Necr           0%         1d4       54%         1
 Shock                    Conj/Air       0%         1d3       54%         1
 Conjure Flame            Conj/Fire      0%         6-21      88%         3
 Ignite Poison            Fire/Tmut/Pois 0%         N/A       88%         3
 Swiftness                Air            0%         N/A       88%         3
 Vampiric Draining        Necr           0%         2d6       88%         3
 Airstrike                Air            0%         N/A       99%         4
 Sticky Flame             Conj/Fire      0%         2d3       99%         4


Dungeon Overview and Level Annotations

Branches:
Dungeon (4/15)             Temple (0/1) D:4

Altars:
Ashenzari
Cheibriados
Hepliaklqana
Okawaru
Ru
Uskayaw
Xom
Yredelemnul


Innate Abilities, Weirdness & Mutations

Your serpentine skin is tough. (AC +1)
You have supernaturally acute eyesight. (SInv)
Armour fits poorly on your strangely shaped body.
Your system is resistant to poisons. (rPois)
You cover ground very slowly.
You can spit poison.
You have a snake-like lower body.


Message History

Some rock shatters into small pieces.
A gnoll comes into view. It is wielding a +0 halberd.
The gnoll shouts!
Fire: 41 bolts
Press: ? - help, Q - select action, (/) - cycle Shift-Dir - straight line, f/p - gnoll shaman
Aim: a gnoll shaman, wielding a +0 club and wearing a +0 robe (almost dead, poisoned, 68% to hit)
You shoot a bolt. The bolt closely misses the gnoll.
The bolt hits the gnoll shaman!
You kill the gnoll shaman!
The gnoll hits you with a +0 flail.
Training target 3.0 for Dodging reached!
Your Dodging skill increases to level 3!
Fire: 40 bolts
Press: ? - help, Q - select action, (/) - cycle Shift-Dir - straight line, f - gnoll
Aim: a gnoll, wielding a +0 flail and carrying a wand of digging (4) (fast, 68% to hit)
You shoot a bolt.
The bolt hits the gnoll but does no damage.
You have got your breath back.
The gnoll barely misses you. The gnoll hits you with a +0 flail!
Aiming: Spit Poison (1% risk of failure)
Press: ? - help, Shift-Dir - straight line, f/p - gnoll
Aim: a gnoll, wielding a +0 flail and carrying a wand of digging (4) (fast)
The splash of poison hits the gnoll!
The gnoll is heavily wounded.
The gnoll hits you with a +0 flail!
As you read the scroll labelled SUUXURAUDI, it crumbles to dust.
It is a scroll of identify.
e - 2 scrolls of noise The gnoll hits you with a +0 flail!
The gnoll misses you.
You feel yourself speed up. The gnoll closely misses you.
The gnoll hits you with a +0 flail!
* * * LOW HITPOINT WARNING * * *
The gnoll zaps a wand.
Some rock shatters into small pieces.
You see here an adder corpse.
You have got your breath back.
The gnoll barely misses you. The gnoll hits you with a +0 flail.
* * * LOW HITPOINT WARNING * * *
The gnoll hits you with a +0 flail!
You die...

#................##
..#####..##.#....#.#....#
............#.##.#.#.#..#
..#####..#...).......#..#
#..#.#.#.#.#.##.....#
#..)...#.#.#....#...#
#######...............#...#
...........##.#.>.#.#.....#
#######.##....#@..#.#.##..##
#....##.#...g#..........#
#†...##.#.##g#.##.#....##
#####....##...........#....#
.........##.#.#.#.##..†.#..#
.####....#..#.#.#.g..##.#.##
.####.....................#
...#.....###...#.##......##
.#.....### ##.##.##†#...##


You could see 3 gnolls.

Vanquished Creatures
  A gnoll shaman (D:4)
  2 orc wizards (D:4)
  A hound skeleton (D:3)
  4 adders
  A gnoll (D:4)
  An adder skeleton (D:4)
  A worm (D:3)
  2 dart slugs (D:1)
  6 orcs (D:4)
  6 ball pythons
  7 bats
  4 endoplasms
  2 giant cockroaches
  4 goblins
  5 hobgoblins
  3 jackals (D:1)
  4 kobolds
  4 quokkas
  5 frilled lizards
  5 rats
68 creatures vanquished.

Notes
Turn   | Place    | Note
-------+----------+-------------------------------------------
     0 | D:1      | Deminshera the Naga Hunter began the quest for the Orb.
     0 | D:1      | Reached XP level 1. HP: 19/19 MP: 1/1
   542 | D:1      | Reached XP level 2. HP: 20/26 MP: 2/2
  1471 | D:1      | Reached XP level 3. HP: 29/33 MP: 3/3
  2810 | D:2      | Reached skill level 4 in Crossbows
  3749 | D:3      | Reached XP level 4. HP: 40/40 MP: 4/4
  3879 | D:3      | Found a shimmering altar of Xom.
  4410 | D:3      | Found a hazy altar of Hepliaklqana.
  4410 | D:3      | Found a snail-covered altar of Cheibriados.
  4413 | D:3      | Found an iron altar of Okawaru.
  4414 | D:3      | Became a worshipper of Hepliaklqana the Forgotten
  4418 | D:3      | Found a broken altar of Ashenzari.
  4418 | D:3      | Found a sacrificial altar of Ru.
  4422 | D:3      | Found a basalt altar of Yredelemnul.
  4426 | D:3      | Found a hide-covered altar of Uskayaw.
  4674 | D:4      | Reached XP level 5. HP: 18/49 MP: 5/5
  5137 | D:4      | Found a staircase to the Ecumenical Temple.
  5229 | D:4      | HP: 1/49 [gnoll (6)]
  5232 | D:4      | Mangled by a gnoll

Illustrated notes

Levels and vault maps discovered:
D:1:      dpeg_arrival_erosion, layout_basic
D:2:      layout_basic, grunt_decor_one_mirror
D:3:      layout_basic, mainiacjoe_overflow_surrounded_room,
          nicolae_overflow_hallway_of_the_gods
D:4:      layout_rooms, minmay_temple_entry_ruins, uniq_crazy_yiuf_cottage

Skill      XL: |  1  2  3  4  5 |
---------------+----------------+-----
Stealth        | 2 3 |  3.0
Dodging        | 2 3 |  3.0
Crossbows      | 4 |  4.6
Fighting       | 3 |  3.6

Action                   |  1- 3 |  4- 6 || total
-------------------------+-------+-------++-------
Melee: Short sword       |    73 |    37 ||   110
 Fire: Hand crossbow     |    19 |    60 ||    79
 Abil: Spit Poison       |    24 |    11 ||    35
  Use: Potion            |       |     6 ||     6
       Scroll            |       |     1 ||     1
 Stab: Sleeping          |     4 |       ||     4
Armor: Leather armour    |    24 |       ||    24
       Ring mail         |       |    19 ||    19
Dodge: Dodged            |    48 |    42 ||    90

Table legend: (Time is in decaauts)
 A = Elapsed time spent in this place.
 B = Non-inter-level travel time spent in this place.
 C = Inter-level travel time spent in this place.
 D = Time resting spent in this place.
 E = Time spent auto-exploring this place.
 F = Levels seen in this place.
 G = Mean time per level.
                   A        B        C        D        E       F      G
               +--------+--------+--------+--------+--------+-----+--------+
         Total |   6056 |   5928 |    128 |   2412 |   2890 |   4 | 1514.0 |
       Dungeon |   6056 |   5928 |    128 |   2412 |   2890 |   4 | 1514.0 |
               +--------+--------+--------+--------+--------+-----+--------+

Top non-repeatable levels by time:
     D:1: 2091 daAuts
     D:2: 1865 daAuts
     D:3: 1398 daAuts
     D:4: 699 daAuts
